 Dungeon Crawl Stone Soup version 0.28.0-53-g5a82cb258f (webtiles) character file.

Game seed: 10377296753469987525

2882 Zeld the Changer (level 9, -1/74 HPs)
             Began as a Pale Draconian Transmuter on May 21, 2022.
             Was an Initiate of Gozag.
             Killed from afar by an acid dragon (19 damage)
             ... with a splash of acid
             ... on level 8 of the Dungeon.
             The game lasted 00:07:50 (10110 turns).

Zeld the Changer (Pale Draconian Transmuter)       Turns: 10110, Time: 00:07:51

Health: -1/74      AC:  6    Str: 17    XL:     9   Next: 48%
Magic:  15/19      EV: 13    Int: 14    God:    Gozag
Gold:   355        SH:  0    Dex: 11    Spells: 2/22 levels left

rFire   . . .      SeeInvis +     - Unarmed
rCold   . . .      Faith    .   (shield currently unavailable)
rNeg    . . .      Spirit   .   (armour unavailable)
rPois   .          Reflect  .   (helmet restricted)
rElec   .          Harm     .   (no cloak)
rCorr   .          Rampage  .   (gloves currently unavailable)
Will    .....      Rage     1%  i - +2 pair of boots
Stlth   +.........              (no amulet)
HPRegen 0.22/turn               g - ring of see invisible
MPRegen 0.16/turn               m - ring of wizardry

@: blade hands, corroded, studying Stealth
A: breathe steam, AC +7, unfitting armour, cold-blooded, steam resistance,
berserk 1
a: Breathe Steam, End Transformation, Renounce Religion, Potion Petition, Call
Merchant, Bribe Branch


You were on level 8 of the Dungeon.
You worshipped Gozag.
Gozag was aware of your devotion.
You had blades for hands.
You visited 2 branches of the dungeon, and saw 9 of its levels.
You also visited: Sewer.

You collected 462 gold pieces.
You paid 107 gold pieces to Gozag.

Inventory:

Armour
 i - a +2 pair of boots (worn)
 E - a +0 pair of gloves (melded)
Jewellery
 g - a ring of see invisible (left blade hand)
 m - a ring of wizardry (right blade hand)
Wands
 o - a wand of iceblast (4)
 z - a wand of polymorph (5)
 B - a wand of charming (7)
 F - a wand of mindburst (2)
Scrolls
 c - a scroll of fear {unknown}
 d - 3 scrolls of blinking {unknown}
 e - 4 scrolls of teleportation {unknown}
 f - 4 scrolls of enchant armour
 j - 3 scrolls of enchant weapon {unknown}
 k - a scroll of amnesia {unknown}
 n - 2 scrolls of noise {unknown}
 q - 2 scrolls of vulnerability {unknown}
 r - a scroll of acquirement {unknown}
 t - a scroll of identify {unknown}
 x - a scroll of fog {unknown}
 y - a scroll of torment {unknown}
 A - 3 scrolls of immolation {unknown}
 C - a scroll of brand weapon {unknown}
Potions
 a - 2 potions of heal wounds {unknown}
 b - 2 potions of flight {unknown}
 h - 5 potions of curing {unknown}
 l - a potion of brilliance {unknown}
 p - 3 potions of attraction {unknown}
 s - a potion of lignification {unknown}
 u - 3 potions of haste {unknown}
 v - a potion of mutation {unknown}
 w - 2 potions of resistance {unknown}
 D - a potion of degeneration {unknown}
 G - a potion of berserk rage {unknown}


   Skills:
 + Level 5.5 Fighting
 + Level 4.9 Dodging
 - Level 3.0 Unarmed Combat
 * Level 7.0 Spellcasting
 * Level 7.4 Transmutations
 + Level 2.4 Fire Magic
 - Level 2.0 Ice Magic
 - Level 2.0 Poison Magic


You had 2 spell levels left.
You knew the following spells:

 Your Spells              Type           Power      Damage    Failure   Level
a - Beastly Appendage     Tmut           50%        N/A       5%          1
b - Wereblood             Tmut           25%        N/A       6%          2
c - Spider Form           Tmut/Pois      18%        N/A       16%         3
d - Ice Form              Ice/Tmut       18%        N/A       32%         4
e - Blade Hands           Tmut           12%        N/A       30%         5
f - Fireball              Conj/Fire      4%         3d4       89%         5

Your spell library contained the following spells:

 Spells                   Type           Power      Damage    Failure   Level
 Foxfire                  Conj/Fire      32%        2x1d5     19%         1
 Animate Skeleton         Necr           8%         N/A       26%         1
 Pain                     Necr           16%        1d4       26%         1
 Conjure Flame            Conj/Fire      8%         6-21      36%         3
 Inner Flame              Hex/Fire       8%         N/A       36%         3
 Vampiric Draining        Necr           4%         2d6       45%         3
 Flame Wave               Conj/Fire      8%         2d5       65%         4
 Summon Ice Beast         Ice/Summ       7%         N/A       67%         4
 Iskenderun's Battlesphe  Conj           4%         2d6       96%         5
 Summon Mana Viper        Hex/Summ       4%         N/A       96%         5
 Conjure Ball Lightning   Conj/Air       2%         3x3d6     100%        6
 Iron Shot                Conj/Erth      2%         9d2       100%        6
 Monstrous Menagerie      Summ           2%         N/A       100%        7
 Orb of Destruction       Conj           2%         9d5       100%        7
 Animate Armour           Summ/Erth      Unusable   N/A       N/A         4

Dungeon Overview and Level Annotations

Branches:
Dungeon (8/15)             Temple (1/1) D:7           Sewer (visited)
   Lair: D:8-11

Altars:
Ashenzari
Dithmenos
Elyvilon
Fedhas
Gozag
Hepliaklqana
Kikubaaqudgha
Makhleb
Nemelex Xobeh
Okawaru
Ru
Sif Muna
Trog
Uskayaw
Vehumet
Wu Jian
Xom
Yredelemnul
Zin
The Shining One
Beogh


Innate Abilities, Weirdness & Mutations

You have blades for hands.
Your spellcasting is less reliable in this form.
You are incapable of wielding weapons or throwing items.
You can breathe blasts of scalding, opaque steam.
Your pale cyan-grey scales are hard. (AC +7)
You cannot fit into any form of body armour.
You are cold-blooded and may be slowed by cold attacks.
You are immune to the effects of steam.
You tend to lose your temper in combat.


Message History

The acid dragon roars!
The acid dragon spits acid at you. The splash of acid hits you!
The acid corrodes you! The acid dragon spits acid at you.
The splash of acid misses you.
There is a stone staircase leading up here.
You start resting.
You are no longer corroded.
You start resting.
An acid dragon is nearby!
You climb upwards.
There is a stone staircase leading down here.
You start resting.
HP restored.
You start waiting.
Done waiting.
Casting: Ice Form (dangerous; 9% risk of failure)
Confirm with . or Enter, or press ? or * to list all spells.
Your hands turn into razor-sharp scythe blades.
Your +0 pair of gloves melds into your body.
You climb downwards.
There is a stone staircase leading up here.
The acid dragon spits acid at you. The splash of acid hits you!
The acid dragon spits acid at you. The splash of acid hits you!!
The acid corrodes you! The acid dragon bites you.
The acid dragon barely misses you.
You hit the acid dragon but do no damage.
You tail-slap the acid dragon, but do no damage.
The acid dragon spits acid at you. The splash of acid hits you!!
* * * LOW HITPOINT WARNING * * *
You are too injured to fight recklessly!
There is a stone staircase leading up here.
You slice the acid dragon!!
The acid dragon is almost dead.
The acid dragon spits acid at you. The splash of acid hits you!!
You die...
Your body crumbles into a pile of gold.

#.# #.# #.# #.# #.#
#########.###### #######
#...............
......(##.####..#.##.###
##..@#.####..#....#
#....D....#..####.#
#.....#.##.#<.####.#
#.#..##..........).#
.....# #......#######
###### #.##....#
#.##.#..# #####
#.....$.#
#.....#.##.#..#


You could see an acid dragon (catching breath).

Vanquished Creatures
  Maggie (D:6)
  A shadow (D:7)
  A wraith (D:6)
  2 water moccasins (D:7)
  The ghost of bnorton916 the Firebug, an amateur DEFE (D:4)
  An orc warrior (D:3)
  An ice beast (D:6)
  A sky beast (D:4)
  4 necrophages
  2 centaurs
  An ogre (D:6)
  3 bullfrogs
  3 scorpions
  A water moccasin skeleton (D:5)
  3 centaur zombies
  A jelly (D:5)
  2 bullfrog skeletons
  2 hounds
  2 orc priests (D:4)
  3 iguanas
  An orc wizard (D:6)
  3 howler monkey zombies
  8 adders
  A gnoll (D:4)
  3 river rats (Sewer)
  A shadow imp (D:7)
  A white imp (D:5)
  3 ufetubi
  3 dart slugs
  2 worms
  22 orcs
  20 ball pythons
  13 endoplasms
  7 giant cockroaches
  4 goblins
  6 hobgoblins
  2 quokkas (D:1)
  7 bats
  7 frilled lizards
  5 kobolds
  22 rats
  A toadstool (D:5)
178 creatures vanquished.

Vanquished Creatures (others)
  A fungus (D:5)
  3 toadstools (D:5)
4 creatures vanquished.

Grand Total: 182 creatures vanquished

Notes
Turn   | Place    | Note
-------+----------+-------------------------------------------
     0 | D:1      | Zeld the Draconian Transmuter began the quest for the Orb.
     0 | D:1      | Reached XP level 1. HP: 16/16 MP: 3/3
   198 | D:1      | You fall into a shaft and drop 1 floor!
   211 | D:2      | Reached XP level 2. HP: 20/23 MP: 3/5
   221 | D:2      | Learned a level 2 spell: Wereblood
   863 | D:1      | Reached XP level 3. HP: 27/28 MP: 4/6
   870 | D:1      | Learned a level 3 spell: Spider Form
  1507 | D:2      | Found a glowing golden altar of the Shining One.
  1769 | D:2      | Reached skill level 1 in Ice Magic
  2027 | D:3      | Reached XP level 4. HP: 30/36 MP: 8/8
  2137 | D:3      | Found a faded altar of an unknown god.
  2445 | D:4      | Found a runed translucent gate.
  2446 | D:4      | Found a runed translucent gate.
  2446 | D:4      | Noticed bnorton916's ghost (amateur DEFE)
  2461 | D:4      | Reached skill level 1 in Poison Magic
  2462 | D:4      | Noticed an orc warrior
  2534 | D:4      | Found a runed translucent gate.
  2539 | D:4      | Identified the +2 leather armour of the Good {rElec rC++
                  | Regen+ Slay-3}
  2681 | D:4      | Noticed a scorpion
  2980 | D:4      | Killed a scorpion
  2981 | D:4      | Reached XP level 5. HP: 27/41 MP: 5/9
  3015 | D:4      | Learned a level 4 spell: Ice Form
  3259 | D:4      | Noticed a centaur
  4229 | D:4      | Killed a centaur
  4400 | D:3      | Reached XP level 6. HP: 50/50 MP: 8/11
  5037 | D:4      | Noticed a sky beast
  5044 | D:4      | Killed a sky beast
  5045 | D:4      | Your scales start taking on a pale cyan-grey colour.
  5045 | D:4      | Reached XP level 7. HP: 57/57 MP: 8/13
  5045 | D:4      | Gained mutation: You are immune to the effects of steam.
                  | [Pale Draconian growth]
  5316 | D:5      | Entered Level 5 of the Dungeon
  5368 | D:5      | Found an iron altar of Okawaru.
  5623 | D:5      | Found a hazy altar of Hepliaklqana.
  6359 | D:6      | Reached skill level 5 in Transmutations
  6398 | D:6      | Noticed a wraith
  6413 | D:6      | Killed a wraith
  6414 | D:6      | Reached skill level 5 in Spellcasting
  6414 | D:6      | Reached XP level 8. HP: 26/66 MP: 12/15
  6589 | D:6      | Noticed Maggie
  6601 | D:6      | Killed Maggie
  6948 | D:6      | Found a glowing drain.
  6999 | Sewer    | Entered a sewer
  7861 | D:6      | Learned a level 5 spell: Fireball
  8069 | D:7      | Reached XP level 9. HP: 73/73 MP: 15/18
  8074 | D:7      | Reached skill level 5 in Fighting
  8074 | D:7      | Reached skill level 1 in Fire Magic
  8331 | D:7      | Found a staircase to the Ecumenical Temple.
  8349 | Temple   | Entered the Ecumenical Temple
  8379 | Temple   | Became a worshipper of Gozag Ym Sagoz the Greedy
  9015 | D:4      | Killed bnorton916's ghost
  9436 | D:7      | Learned a level 5 spell: Blade Hands
  9798 | D:8      | Gained mutation: You tend to lose your temper in combat.
                  | [mutagenic glow]
 10110 | D:8      | Killed from afar by an acid dragon

Illustrated notes

Levels and vault maps discovered:
D:1:      scummos_arrival_simple_fountains, layout_loops_ring
D:2:      layout_rooms, basic_altar, corexii_leaking_fountain
D:3:      layout_rooms, shapermc_ecumenical_altar_ellora
D:4:      layout_cave_pools, biasface_ghost_orc_armoury, kennysheep_small_square
D:5:      layout_loops_ring, lemuel_doored_altar, mainiacjoe_overflow_catwalk,
          minmay_gold_behind_fungi
D:6:      layout_rooms, gup_sewer_entry_glass, nrook_mini_vaults, uniq_maggie
D:7:      layout_basic, minmay_temple_entry_mini_moons, minmay_manual_mess
D:8:      layout_loops_cross, nicolae_overflow_hidden_temple,
          ebering_ghost_rock_garden, uniq_grum
Temple:   hc_temple_tempest_star

Skill      XL: |  1  2  3  4  5  6  7  8  9 |
---------------+----------------------------+-----
Dodging        | 2 3 4 |  4.9
Ice Magic      | 1 2 |  2.0
Poison Magic   | 1 2 |  2.0
Spellcasting   | 3 4 5 6 7 |  7.0
Fighting       | 2 3 4 5 |  5.5
Transmutations | 3 4 5 6 7 |  7.4
Fire Magic     | 2 |  2.4
Unarmed Combat | |  3.0

Action                   |  1- 3 |  4- 6 |  7- 9 || total
-------------------------+-------+-------+-------++-------
Melee: Unarmed           |   132 |    79 |   336 ||   547
       Kick              |    29 |     8 |       ||    37
       Headbutt          |    11 |     6 |       ||    17
       Tailslap          |     9 |     2 |     8 ||    19
       Punch             |     2 |     2 |     3 ||     7
 Cast: Beastly Appendage |    31 |    10 |     1 ||    42
       Spider Form       |       |    11 |    11 ||    22
       Ice Form          |       |       |    23 ||    23
       Wereblood         |       |       |     2 ||     2
       Blade Hands       |       |       |     3 ||     3
Evoke: Wand              |       |       |     2 ||     2
  Use: Scroll            |       |       |     1 ||     1
 Stab: Sleeping          |       |       |     1 ||     1
Armor: Skin              |    43 |    17 |   150 ||   210
Dodge: Dodged            |    93 |    86 |   306 ||   485
